 Dungeon Crawl Stone Soup version 0.17.0-56-gd8de76c (webtiles) character file.

523 gorblad the Covered (level 7, -3/63 HPs)
             Began as a Deep Dwarf Fighter on Dec 7, 2015.
             Killed from afar by an orc wizard (7 damage)
             ... with a magic dart
             ... on level 4 of the Dungeon.
             The game lasted 00:07:02 (1948 turns).

gorblad the Covered (Deep Dwarf Fighter)            Turns: 1948, Time: 00:07:02

Health: -3/63      AC:  7    Str: 21    XL:     7   Next: 2%
Magic:  7/7        EV:  9    Int:  9    God:
Gold:   143        SH: 10    Dex: 12    Spells: 0 memorised, 6 levels left

rFire  . . .     SeeInvis .     a - +0 flail
rCold  . . .     Clarity  .     b - +0 scale mail
rNeg   . . .     SustAt   .     c - +0 shield
rPois  .         Gourm    .     (no helmet)
rElec  .         Spirit   .     (no cloak)
rCorr  .         Warding  .     (no gloves)
rMut   .         Stasis   .     (no boots)
MR     +....                    (no amulet)
Stlth  ..........               (no ring)
                                (no ring)

@: non-regenerating, somewhat resistant to hostile enchantments, extremely
unstealthy
A: damage resistance, recharge devices, sense surroundings 1, slow regeneration
3
a: Device Recharging


You were on level 4 of the Dungeon.
You were very hungry.

You visited 1 branch of the dungeon, and saw 4 of its levels.

You collected 143 gold pieces.

Inventory:

Hand Weapons
 a - a +0 flail (weapon)
Missiles
 h - 3 tomahawks (quivered)
Armour
 b - a +0 scale mail (worn)
 c - a +0 shield (worn)
Wands
 e - a wand of heal wounds (0)
 m - a wand of random effects (24)
Scrolls
 g - 2 scrolls of teleportation
 i - a scroll of identify
 n - 3 scrolls of remove curse
 p - a scroll of magic mapping
Potions
 d - a potion of might
Comestibles
 f - 3 bread rations
 j - 3 meat rations
 k - 2 beef jerkies


   Skills:
 + Level 3.9 Fighting
 + Level 3.6 Maces & Flails
 + Level 5.0 Armour
 + Level 3.5 Dodging
 + Level 0.3 Stealth
 + Level 4.6 Shields
 + Level 0.3 Evocations


You had 6 spell levels left.
You didn't know any spells.

Dungeon Overview and Level Annotations

Branches:
Dungeon (4/15)
 Temple: D:4-7

Altars:
Sif Muna


Innate Abilities, Weirdness & Mutations

You are resistant to damage.
You can recharge devices by infusing magical energy.
You passively map a small area around you.
You do not regenerate naturally.


Message History

You see here a worn copper wand.
The orc wizard hits you but does no damage.
You barely miss the orc wizard.
The orc wizard points at you and mumbles some strange words.
The puff of frost hits you!
* * * LOW HITPOINT WARNING * * *
You barely miss the orc wizard. You block the orc wizard's attack.
The orc wizard casts a spell.
The orc wizard seems to speed up.
You sock the orc wizard!
The orc wizard is severely wounded.
You block the orc wizard's attack. The orc wizard closely misses you.
You hit the orc wizard but do no damage.
The orc wizard is severely wounded.
You block the orc wizard's attack. x2
You closely miss the orc wizard.
The orc wizard is severely wounded.
The orc wizard points at you and mumbles some strange words.
The magic dart hits you!
You die...

#### *.##.#
########.##.########
#)o@/....#..........
#.###....##.#.......
# #.####..........
#.# #..#.###### ,
#.# #..#.# *
#.####..#.# #
#.......#.# # *
#.......#.# # *
##.######.# #


You could see an orc wizard.

Vanquished Creatures
  Sigmund (D:2)
  2 ogres (D:4)
  Terence (D:3)
  A worker ant (D:3)
  4 adders
  4 gnolls (D:3)
  An ooze (D:2)
  5 worms
  An orc (D:3)
  2 giant cockroaches
  7 hobgoblins
  3 quokkas
  5 bats
  4 giant geckos
  3 giant newts
  9 goblins
  4 kobolds
  A quokka skeleton (D:4)
  8 rats
66 creatures vanquished.

Notes
Turn   | Place    | Note
--------------------------------------------------------------
     0 | D:1      | gorblad the Deep Dwarf Fighter began the quest for the Orb.
     0 | D:1      | Reached XP level 1. HP: 20/20 MP: 1/1
   109 | D:1      | Reached XP level 2. HP: 24/27 MP: 2/2
   502 | D:2      | Reached XP level 3. HP: 28/33 MP: 3/3
   543 | D:2      | Reached skill level 1 in Dodging
   561 | D:2      | Noticed Sigmund
   577 | D:2      | Killed Sigmund
   577 | D:2      | Reached skill level 4 in Armour
   577 | D:2      | Reached XP level 4. HP: 16/42 MP: 4/4
   577 | D:2      | Reached XP level 5. HP: 18/49 MP: 5/5
   910 | D:2      | Found a deep blue altar of Sif Muna.
  1236 | D:3      | Reached XP level 6. HP: 35/57 MP: 6/6
  1319 | D:3      | Noticed Terence
  1348 | D:3      | Killed Terence
  1864 | D:4      | Reached skill level 5 in Armour
  1864 | D:4      | Reached XP level 7. HP: 4/63 MP: 7/7
  1948 | D:4      | Killed from afar by an orc wizard

Action                   |  1- 3 |  4- 6 |  7- 9 || total
-------------------------+-------+-------+-------++-------
Melee: Flail             |   101 |   167 |    15 ||   283
Throw: Tomahawk          |       |     1 |       ||     1
Evoke: Wand              |       |     5 |       ||     5
  Use: Scroll            |     1 |     6 |       ||     7
       Potion            |       |     3 |     1 ||     4
 Stab: Distracted        |       |     1 |       ||     1
  Eat: Chunk             |       |     3 |       ||     3
